 Dungeon Crawl Stone Soup version 0.22.0-13-g43fe8f2 (webtiles) character file.

10916 Loudmushroom the Cleaver (level 11, -9/97 HPs)
             Began as a Minotaur Fighter on Aug 16, 2018.
             Was a High Priest of Okawaru.
             Killed from afar by a fire dragon (23 damage)
             ... with a blast of flame
             ... on level 2 of the Lair of Beasts.
             The game lasted 01:35:49 (14228 turns).

Loudmushroom the Cleaver (Minotaur Fighter)        Turns: 14228, Time: 01:35:50

Health: -9/97      AC: 21    Str: 22    XL:     11   Next: 42%
Magic:  24/24      EV:  5    Int:  5    God:    Okawaru [*****.]
Gold:   659        SH: 12    Dex: 12    Spells: 17/17 levels left

rFire    . . .     SeeInvis .   a - +8 mithril axe "Arga" {speed, MR+}
rCold    + + .     Gourm    .   c - +0 shield
rNeg     + . .     Faith    +   D - +1 plate armour {rC+}
rPois    .         Spirit   .   (helmet restricted)
rElec    +         Reflect  .   p - +1 cloak
rCorr    .         Harm     .   T - +0 pair of gloves of Ilakhosir {+Fly rElec rC+}
MR       +....                  F - +1 pair of boots
Stlth    ..........             L - amulet of faith
HPRegen  0.26/turn              M - ring of positive energy
MPRegen  0.19/turn              s - ring of magical power

@: no status effects
A: retaliatory headbutt, horns 2
a: Heroism, Finesse, Renounce Religion, Evoke Flight


You were on level 2 of the Lair of Beasts.
You worshipped Okawaru.
Okawaru was extremely pleased with you.
You were hungry.

You visited 3 branches of the dungeon, and saw 13 of its levels.
You also visited: Ossuary.

You collected 659 gold pieces.

Inventory:

Hand Weapons
 a - the +8 mithril axe "Arga" (weapon) {speed, MR+}
   (You acquired it on level 4 of the Dungeon)

   Attacks with this weapon are significantly faster.
   It affects your resistance to hostile enchantments.
 b - a +0 hand crossbow
 o - a +0 morningstar
 O - a +4 dire flail
Missiles
 e - 4 tomahawks
 k - 60 poisoned needles
 t - 159 bolts
 y - 230 arrows
 R - 6 javelins (quivered)
 X - 2 curare-tipped needles
Armour
 c - a +0 shield (worn)
 p - a +1 cloak (worn)
 D - a +1 plate armour of cold resistance (worn)
 F - a +1 pair of boots (worn)
 T - the +0 pair of gloves of Ilakhosir (worn) {+Fly rElec rC+}
   (You found it on level 6 of the Dungeon)

   It protects you from cold.
   It insulates you from electricity.
   It lets you fly.
Jewellery
 s - a ring of magical power (right hand)
 x - a cursed ring of attention {unknown}
 I - an uncursed ring of fire
 L - an amulet of faith (around neck)
 M - a ring of positive energy (left hand)
Wands
 w - a wand of paralysis (16)
 A - a wand of flame (95)
 G - a wand of disintegration (10)
 N - a wand of polymorph (8)
 U - a wand of clouds (5)
 V - a wand of iceblast (10)
Scrolls
 g - 3 scrolls of identify
 q - 2 scrolls of remove curse
 v - 3 scrolls of magic mapping
 z - a scroll of fog
 C - a scroll of fear
 E - a scroll of blinking
 H - 3 scrolls of teleportation
 S - 2 scrolls of enchant weapon
Potions
 d - 3 potions of might
 h - a potion of brilliance
 i - a potion of invisibility
 l - 5 potions of agility
 m - 2 potions of heal wounds
 n - a potion of flight {unknown}
 r - a potion of ambrosia {unknown}
 u - 3 potions of lignification
 B - 5 potions of haste
 J - 4 potions of curing {unknown}
 Q - 2 potions of magic {unknown}
Comestibles
 f - 19 rations


   Skills:
 + Level 9.3 Fighting
 * Level 12.0 Axes
 + Level 9.4 Armour
 + Level 9.2 Shields
 - Level 3.7 Spellcasting
 + Level 2.0 Invocations
 + Level 5.6 Evocations


You had 17 spell levels left.
You didn't know any spells.
Your spell library contained the following spells:

 Spells                   Type           Power        Failure   Level  Hunger
 Magic Dart               Conj           #...         100%        1    ##.....
 Conjure Flame            Conj/Fire      #.......     100%        3    ####...
 Bolt of Magma            Conj/Fire/Erth #.........   100%        5    ######.
 Slow                     Hex            #.......     100%        2    ###....
 Mephitic Cloud           Conj/Pois/Air  #.......     100%        3    ####...
 Venom Bolt               Conj/Pois      #.........   100%        5    ######.
 Blink                    Tloc           N/A          100%        2    ###....
 Call Imp                 Summ           #.......     100%        2    ###....
 Iron Shot                Conj/Erth      #.........   100%        6    #######
 Spider Form              Tmut/Pois      #.........   100%        3    ####...
 Blade Hands              Tmut           #.........   100%        5    ######.
 Ice Form                 Ice/Tmut       #.......     100%        4    #####..
 Sticks to Snakes         Tmut           #.......     100%        2    ###....
 Orb of Destruction       Conj           #.........   100%        7    #######
 Beastly Appendage        Tmut           #.....       100%        1    ##.....
 Iskenderun's Battlesphe  Conj/Chrm      #.......     100%        5    ######.
 Spellforged Servitor     Conj/Summ      #.........   100%        7    #######


Dungeon Overview and Level Annotations

Branches:
Dungeon (10/15)            Temple (1/1) D:6            Lair (2/6) D:10
    Orc (0/2) D:10
  Swamp: Lair:2-4    Shoals: Lair:2-4     Snake: Lair:2-4    Spider: Lair:2-4

Altars:
Ashenzari
Cheibriados
Dithmenos
Elyvilon
Fedhas
Gozag
Hepliaklqana
Kikubaaqudgha
Makhleb
Nemelex Xobeh
Okawaru
Qazlal
Ru
Sif Muna
Trog
Uskayaw
Vehumet
Wu Jian
Xom
Yredelemnul
Zin
The Shining One

Annotations:
D:8 exclusion: oklob plant
D:9 3 runed doors, Alawus's ghost, novice CeAr; HydraWiggins's ghost, novice TrAE; feelmyfire's ghost, novice DDFi


Innate Abilities, Weirdness & Mutations

You reflexively headbutt those who attack you in melee.
You have a pair of horns on your head.


Message History

The fire dragon is heavily wounded.
The fire dragon bites you!
* * * LOW HITPOINT WARNING * * *
The fire dragon claws you but does no damage.
The fire dragon tramples you but does no damage.
You barely miss the fire dragon.
You headbutt the fire dragon, but do no damage.
The fire dragon is heavily wounded.
You block the fire dragon's attack.
The fire dragon claws you but does no damage.
You block the fire dragon's attack.
You hit the fire dragon but do no damage.
Your headbutt misses the fire dragon.
The fire dragon is heavily wounded.
Your plate armour prevents you from hitting the fire dragon.
Your headbutt misses the fire dragon.
The fire dragon is heavily wounded.
The fire dragon breathes flames at you. The blast of flame hits you!
You die...

#### ####≈≈≈####
###..≈≈≈≈....
##....≈≈≈....?
###......≈≈≈..$$ #####
#####.........≈≈≈≈$$
.#..##
######..@D.........≈≈≈≈≈≈
....<#
#......#####........≈≈≈≈≈
P#.÷.####.######
##.......≈≈≈≈≈
.....P##..# ####...≈≈≈≈≈≈
..##.###.## ######≈≈≈≈
..##..##.#### ≈≈≈≈
.#....##....# #≈≈
......#####.# ##
......#####.# ###### ####


You could see a fire dragon.

Vanquished Creatures
  2 two-headed ogres (D:8)
  A black mamba (Lair:1)
  2 spiny frogs
  2 komodo dragons
  A yaktaur (shapeshifter) (D:10)
  Grinder (D:3)
  Prince Ribbit (D:6)
  Sigmund (D:5)
  4 yaks
  A basilisk (D:9)
  Eustachio (D:5)
  A hungry ghost (D:10)
  Duvessa (D:6)
  4 water moccasins
  3 porcupines (Lair:1)
  4 orc warriors
  A sky beast (D:9)
  An ice beast (D:6)
  2 black bears
  2 eyes of draining (D:9)
  2 phantoms
  6 centaurs
  6 ogres
  5 wolves (Lair:2)
  3 crocodiles
  A big kobold (D:9)
  8 bullfrogs
  A scorpion (D:5)
  Dowan (D:6)
  10 killer bees
  5 howler monkeys
  4 wights (D:7)
  2 electric eels (Lair:1)
  3 crimson imps
  2 bullfrog zombies
  2 bullfrog skeletons
  2 jellies
  3 orc priests
  10 hounds
  Crazy Yiuf (D:2)
  Natasha (thrice) (D:2)
  4 iguanas
  6 orc wizards
  3 worker ants
  A hound skeleton (D:6)
  3 mummies (Ossuary)
  A howler monkey zombie (D:5)
  4 gnolls (D:6)
  8 adders
  A shadow imp (D:6)
  2 oozes
  2 adder skeletons
  3 worms (D:2)
  A dart slug (D:3)
  5 leopard geckos
  12 orcs
  A ball python (D:2)
  7 bats
  6 giant cockroaches
  11 goblins
  11 hobgoblins
  16 jackals
  11 kobolds
  3 quokkas
  3 frilled lizards
  3 gnoll skeletons (Ossuary)
  3 gnoll zombies (Ossuary)
  3 goblin skeletons (Ossuary)
  4 goblin zombies
  2 kobold skeletons (Ossuary)
  3 kobold zombies (Ossuary)
  A leopard gecko skeleton (D:4)
  2 orc skeletons (Ossuary)
  2 orc zombies (Ossuary)
  A quokka skeleton (D:4)
  A quokka zombie (D:4)
  20 rats
  5 rat skeletons (Ossuary)
  A rat zombie (Ossuary)
  A fungus (Lair:1)
  4 plants
297 creatures vanquished.

Vanquished Creatures (others)
  Menkaure (Ossuary)
  2 gnoll zombies (Ossuary)
  A goblin zombie (Ossuary)
  5 hobgoblin skeletons (Ossuary)
  2 hobgoblin zombies (Ossuary)
  A kobold skeleton (Ossuary)
  2 kobold zombies (Ossuary)
  3 orc zombies (Ossuary)
  4 rat skeletons (Ossuary)
  3 rat zombies (Ossuary)
  5 plants
  4 withered plants (D:9)
33 creatures vanquished.

Grand Total: 330 creatures vanquished

Notes
Turn   | Place    | Note
-------+----------+-------------------------------------------
     0 | D:1      | Loudmushroom the Minotaur Fighter began the quest for the Orb.
     0 | D:1      | Reached XP level 1. HP: 19/19 MP: 0/0
   109 | D:1      | Reached XP level 2. HP: 27/27 MP: 1/1
   146 | D:1      | Reached skill level 3 in Axes
   514 | D:1      | Reached XP level 3. HP: 26/33 MP: 2/2
  1236 | D:2      | Reached XP level 4. HP: 34/40 MP: 3/3
  1344 | D:2      | Noticed Natasha
  1351 | D:2      | Killed Natasha
  1351 | D:2      | Reached skill level 4 in Axes
  1502 | D:2      | Found a runed door.
  1506 | D:2      | Noticed Crazy Yiuf
  1513 | D:2      | Killed Crazy Yiuf
  1618 | D:2      | Reached XP level 5. HP: 43/47 MP: 4/4
  1703 | D:2      | Noticed Natasha
  1705 | D:2      | Killed Natasha
  1780 | D:2      | Noticed Natasha
  1785 | D:2      | Killed Natasha
  2064 | D:3      | Noticed Grinder
  2080 | D:3      | Killed Grinder
  2080 | D:3      | Reached skill level 5 in Fighting
  2080 | D:3      | Reached skill level 5 in Axes
  2080 | D:3      | Reached skill level 5 in Armour
  2080 | D:3      | Reached skill level 5 in Shields
  2080 | D:3      | Reached XP level 6. HP: 32/56 MP: 5/5
  2899 | D:4      | Found a sand-covered staircase.
  2908 | Ossuary  | Entered an ossuary
  3038 | Ossuary  | Killed Menkaure
  3216 | Ossuary  | Reached skill level 6 in Axes
  3307 | Ossuary  | Reached XP level 7. HP: 37/61 MP: 6/6
  3834 | D:4      | Identified a scroll of acquirement
  3835 | D:4      | Found the +8 mithril axe "Arga" {speed, MR+}
  3863 | D:5      | Entered Level 5 of the Dungeon
  4044 | D:5      | Noticed Sigmund
  4057 | D:5      | Killed Sigmund
  4057 | D:5      | Reached skill level 1 in Evocations
  4100 | D:5      | Reached skill level 1 in Spellcasting
  4235 | D:5      | Found a glowing golden altar of the Shining One.
  4329 | D:5      | Reached skill level 7 in Axes
  4329 | D:5      | Reached XP level 8. HP: 70/70 MP: 8/8
  4458 | D:5      | Noticed Eustachio
  4463 | D:5      | Killed Eustachio
  4492 | D:5      | Found a bloodstained altar of Trog.
  4506 | D:5      | You fall through a shaft for 3 floors!
  4512 | D:8      | Noticed a two-headed ogre
  4513 | D:8      | Noticed a two-headed ogre
  4547 | D:8      | Killed a two-headed ogre
  4547 | D:8      | Reached skill level 8 in Axes
  4547 | D:8      | Reached XP level 9. HP: 25/78 MP: 9/11
  4550 | D:8      | Killed a two-headed ogre
  4550 | D:8      | Reached skill level 9 in Axes
  5302 | D:7      | Found a shimmering altar of Xom.
  5656 | D:6      | Got a pair of faintly humming gloves
  5668 | D:6      | Identified the +0 pair of gloves of Ilakhosir {+Fly rElec rC+} (You found it on level 6 of the Dungeon)
  5735 | D:6      | Found a staircase to the Ecumenical Temple.
  5748 | Temple   | Entered the Ecumenical Temple
  5975 | Temple   | Became a worshipper of Warmaster Okawaru
  6060 | D:6      | Noticed Duvessa
  6060 | D:6      | Noticed Dowan
  6061 | D:6      | Killed Dowan
  6069 | D:6      | Killed Duvessa
  6122 | D:6      | Reached XP level 10. HP: 85/88 MP: 13/13
  6168 | D:6      | Reached skill level 10 in Axes
  6338 | D:6      | Found a burning altar of Makhleb.
  6838 | D:6      | Noticed Prince Ribbit
  6845 | D:6      | Killed Prince Ribbit
  6845 | D:6      | Reached * piety under Okawaru
  6981 | D:6      | Found a deep blue altar of Sif Muna.
  7691 | D:7      | Found a glowing silver altar of Zin.
  8165 | D:8      | Found a deep blue altar of Sif Muna.
  8165 | D:8      | Noticed an oklob plant
  9259 | D:9      | Reached ** piety under Okawaru
  9667 | D:9      | Found a bloodstained altar of Trog.
  9843 | D:9      | Found a runed gate.
  9843 | D:9      | Found a runed gate.
 10058 | D:9      | Reached skill level 11 in Axes
 10217 | D:9      | Found a runed gate.
 10217 | D:9      | Noticed Alawus's ghost (novice CeAr)
 10217 | D:9      | Noticed HydraWiggins's ghost (novice TrAE)
 10217 | D:9      | Noticed feelmyfire's ghost (novice DDFi)
 10971 | D:10     | Entered Level 10 of the Dungeon
 11013 | D:9      | You fall through a shaft!
 11014 | D:10     | Found a staircase to the Lair.
 11042 | D:10     | Found a staircase to the Orcish Mines.
 11306 | D:10     | Reached *** piety under Okawaru
 11594 | D:10     | Reached skill level 5 in Evocations
 11979 | D:10     | Reached XP level 11. HP: 95/95 MP: 15/15
 12090 | Lair:1   | Entered Level 1 of the Lair of Beasts
 12265 | D:10     | Reached **** piety under Okawaru
 12566 | Lair:1   | Reached skill level 1 in Invocations
 13684 | Lair:2   | Reached ***** piety under Okawaru
 14001 | Lair:2   | Reached skill level 12 in Axes
 14203 | Lair:2   | Noticed a fire dragon
 14228 | Lair:2   | Killed from afar by a fire dragon

Skill      XL: |  1  2  3  4  5  6  7  8  9 10 11 |
---------------+----------------------------------+-----
Axes           | 3 4 5 6 7 8 9 11 12 | 12.0
Shields        | 4 5 6 7 8 9 |  9.2
Fighting       | 4 5 6 7 8 9 |  9.3
Armour         | 4 5 6 7 8 9 |  9.4
Evocations     | 1 2 4 5 |  5.6
Spellcasting   | 1 2 3 |  3.7
Invocations    | 2 |  2.0

Action                   |  1- 3 |  4- 6 |  7- 9 | 10-12 || total
-------------------------+-------+-------+-------+-------++-------
Melee: War axe           |    99 |   146 |    26 |       ||   271
       Headbutt          |    12 |    24 |    26 |    65 ||   127
       Broad axe         |       |       |   127 |   315 ||   442
 Fire: Hand crossbow     |       |       |     4 |     8 ||    12
Evoke: Wand              |       |       |       |     3 ||     3
  Use: Scroll            |       |       |    15 |     9 ||    24
       Potion            |       |       |     1 |       ||     1
  Eat: Chunk             |     1 |     6 |     4 |    20 ||    31
       Ration            |       |       |     2 |     1 ||     3
Armor: Scale mail        |    46 |    38 |    34 |       ||   118
       Plate armour      |       |       |    13 |   109 ||   122
Dodge: Dodged            |    27 |    41 |    30 |    42 ||   140
Block: Shield            |    29 |    54 |    72 |   136 ||   291
